cohdb
Replays
Latest Replays
All Replays
Popular Replays
Top Player Replays
Match Explorer
How It Works
Community
CoH3 Stats
Reddit
Sign in to upload your games and track your stats! →
Sign in with Steam
Match 37223375
Unlisted
Match 37223375
Overview
Messages
Build Orders
End
Construct Barracks
Selects Armored Battlegroup
Selects Veteran Crews
Engineer Squad
1⁄4-ton 4x4 Truck
Engineer Squad
M1 Mortar Team
Riflemen Squad
Mechanized Support Center
Designate Forward Repair Station
Construct Motor Pool
Riflemen Squad
M24 Chaffee Light Tank
Selects Strength in Steel
M1 Anti-tank Gun Team
Construct Medical Station
Designate Forward Repair Station
M24 Chaffee Light Tank
Selects Seek and Destroy
M1 Mortar Team
Seek and Destroy
M1918 Browning Automatic Rifles
Improvised Armor
Engineer Squad
Selects Field Repairs
Selects UNKNOWN (2160077)
Construct Tank Depot
Riflemen Squad
Field Repairs
M4A3E8 Sherman Easy Eight
Elphiroce
thehitman0
Microsoft Outlook
deadsadbadmad
0
0
Comments
sign in to comment!
No comments posted yet!